 Dungeon Crawl Stone Soup version 0.30.1-4-g462c640d31 (webtiles) character file.

Game seed: 10908961132545682882

5 Bobit the Protected (level 1, -1/17 HPs)
             Began as a Gnoll Wanderer on Aug 11, 2023.
             Frozen to death by an endoplasm (5 damage)
             ... on level 1 of the Dungeon.
             The game lasted 00:01:59 (168 turns).

Bobit the Protected (Gnoll Wanderer)                 Turns: 168, Time: 00:02:00

Health: -1/17      AC:  6    Str: 10    XL:     1   Next: 80%
Magic:  1/1        EV: 10    Int:  9    God:
Gold:   9          SH:  0    Dex: 14    Spells: 0/0 levels left

rFire   . . .        f - +0 club
rCold   . . .        (no shield)
rNeg    . . .        c - +0 ring mail
rPois   .            (no helmet)
rElec   .            (no cloak)
rCorr   .            (no gloves)
SInv    .            (no boots)
Will    .....        (no amulet)
Stlth   +            (no ring)
HPRegen 0.22/turn    (no ring)
MPRegen 0.07/turn

%: no passive effects
@: no status effects
A: fangs 1, strong nose, distributed training
a: no special abilities


You were on level 1 of the Dungeon.
You visited 1 branch of the dungeon, and saw 1 of its levels.

You collected 9 gold pieces.

Inventory:

Hand Weapons
 a - a +2 sling
 f - a +0 club (weapon)
 g - a +0 spear
Armour
 c - a +0 ring mail (worn)
 e - a +0 robe
Scrolls
 b - a scroll of teleportation


   Skills:
 + Level 2.4 Fighting
 + Level 0.1 Short Blades
 + Level 0.1 Long Blades
 + Level 0.1 Axes
 + Level 0.1 Maces & Flails
 + Level 0.1 Polearms
 + Level 0.1 Staves
 + Level 8.4 Ranged Weapons
 + Level 0.1 Throwing
 + Level 8.4 Armour
 + Level 0.1 Dodging
 + Level 0.1 Stealth
 + Level 0.1 Shields
 + Level 0.1 Unarmed Combat
 + Level 0.1 Spellcasting
 + Level 0.1 Conjurations
 + Level 0.1 Hexes
 + Level 0.1 Summonings
 + Level 0.1 Necromancy
 + Level 0.1 Translocations
 + Level 0.1 Transmutations
 + Level 0.1 Fire Magic
 + Level 0.1 Ice Magic
 + Level 0.1 Air Magic
 + Level 0.1 Earth Magic
 + Level 0.1 Poison Magic
 + Level 0.2 Invocations
 + Level 2.4 Evocations


You couldn't memorise any spells.
You didn't know any spells.
Your spell library was empty.

Dungeon Overview and Level Annotations

Branches:
Dungeon (1/15)

Altars:

Shops:
D:1 (


Innate Abilities, Weirdness & Mutations

You have very sharp teeth.
Your uncanny sense of smell can sniff out nearby items.
Your experience applies equally to all skills.


Message History

The quokka is almost dead.
The quokka misses you. The goblin hits you with a +0 dagger.
The quokka bites you but does no damage.
You hit the quokka but do no damage.
The quokka is almost dead.
The quokka barely misses you. x2
You closely miss the quokka.
The quokka is almost dead.
The goblin hits you with a +0 dagger. The quokka barely misses you.
The goblin barely misses you.
You closely miss the quokka.
The quokka is almost dead.
The quokka bites you but does no damage.
The quokka closely misses you.
You hit the quokka but do no damage.
The quokka is almost dead.
The quokka bites you.
You hit the quokka.
You kill the quokka!
The hobgoblin hits you but does no damage.
The goblin hits you but does no damage.
You hit the goblin but do no damage.
The goblin is moderately wounded.
The hobgoblin misses you. The goblin hits you with a +0 dagger.
* * * LOW HITPOINT WARNING * * *
You flicker for a moment.
Found a sedimented silvery potion.
A bat, an endoplasm and a kobold come into view.
Found a scroll labelled LAIPOXK COPORGH.
You flicker back into view.
The kobold shouts!
Found a leather armour.
The bat hits you but does no damage.
You closely miss the bat. The bat completely misses you.
The goblin hits you with a +0 dagger.
* * * LOW HITPOINT WARNING * * *
The goblin attacks as you move away! The goblin hits you but does no damage.
The bat barely misses you. The endoplasm freezes you.
You are frozen.
You die...

. . .. . ####. . .. [?..
! ...####..#.# .
.........#.#...
.....b.J.......
.......@.# ######
#########g.#.#
......##.)..#.....K.#
.~............g#####...#
~~~.....###..#g# #.###
~.~~....##.....# #.#
~≈..~..........## #.#
≈~~~............## #.#
≈~..~.....#......# #.###


You could see a gnoll, an endoplasm, a hobgoblin, a goblin, a bat and a kobold.

Vanquished Creatures
  A quokka (D:1)
  A ball python (D:1)
  2 frilled lizards (D:1)
  2 kobolds (D:1)
6 creatures vanquished.

Notes
Turn   | Place    | Note
-------+----------+-------------------------------------------
     0 | D:1      | Bobit the Gnoll Wanderer began the quest for the Orb.
     0 | D:1      | Bobit set off with the following items: a +2 sling, a
                  | scroll of teleportation, a +0 ring mail, a potion of
                  | invisibility.
     0 | D:1      | Reached XP level 1. HP: 17/17 MP: 1/1
    60 | D:1      | Found Cemuad's Weapon Emporium.
   168 | D:1      | Frozen to death by an endoplasm

Illustrated notes

Levels and vault maps discovered:
D:1:      dpeg_arrival_more_subterranean_lakeside_camping, layout_loops_cross,
          serial_shops, nicolae_shop_peninsula, minmay_misc_feat_pillars,
          st_stairs_7, grunt_decor_resistance, nrook_campfire

Action                     || total
---------------------------++-------
  Melee: Club              ||    19
         Bite              ||     1
   Fire: Sling             ||     9
    Use: Potion            ||     1
   Stab: Invisible         ||     1
 Armour: Ring mail         ||    14
  Dodge: Dodged            ||    23
